 Seeded DCSS version 0.30.1-4-g462c640d31 (webtiles) character file.

Game seed: 5 (custom seed)

8094 Kazon the Fighter (level 11, -3/113 HPs)
             Began as an Ogre Gladiator on Sept 5, 2023.
             Was an Elder of Okawaru.
             Killed by divine providence
             ... invoked by an orc priest
              (13 damage)
             ... on level 9 of the Dungeon on Sept 6, 2023.
             The game lasted 00:44:40 (7065 turns).

Kazon the Fighter (Ogre Gladiator)                  Turns: 7065, Time: 00:44:41

Health: -3/113     AC: 10    Str: 22    XL:     11   Next: 25%
Magic:  0/15       EV: 10    Int:  9    God:    Okawaru [****..]
Gold:   482        SH: 15    Dex: 18    Spells: 10/10 levels left

rFire   . . .        q - +3 demon whip (venom)
rCold   . . .        c - +0 tower shield
rNeg    . . .        H - +0 steam dragon scales
rPois   .            i - +0 hat
rElec   .            (no cloak)
rCorr   .            (gloves unavailable)
SInv    .            (boots unavailable)
Will    +....        C - amulet of guardian spirit
Stlth   ++           o - +4 ring of protection
HPRegen 0.38/turn    u - +6 ring of dexterity
MPRegen 0.14/turn

%: guardian spirit
@: no status effects
A: large, unfitting armour, tough skin 1
a: Renounce Religion, Heroism, Finesse


You were on level 9 of the Dungeon.
You worshipped Okawaru.
Okawaru was greatly pleased with you.
You visited 2 branches of the dungeon, and saw 10 of its levels.
You also visited: Ossuary.

You collected 624 gold pieces.
You spent 142 gold pieces at shops.

Inventory:

Hand Weapons
 a - a +0 flail
 f - a +0 hand axe of flaming
 q - a +3 demon whip of venom (weapon)
Missiles
 d - 4 throwing nets
 e - a large rock
 j - 15 boomerangs (quivered)
 v - 12 poisoned darts
 N - an atropa-tipped dart
Armour
 c - a +0 tower shield (worn)
 i - a +0 hat (worn)
 H - +0 steam dragon scales (worn)
Jewellery
 o - a +4 ring of protection (left hand)
 r - a ring of magical power
 u - a +6 ring of dexterity (right hand)
 C - an amulet of guardian spirit (around neck)
 O - a +6 ring of dexterity
Wands
 b - a wand of light (7)
 y - a wand of digging (7)
 A - a wand of paralysis (7)
Scrolls
 g - a scroll of fog {unknown}
 l - a scroll of teleportation
 m - a scroll of blinking {unknown}
 n - a scroll of identify
 p - 2 scrolls of magic mapping {unknown}
 z - a scroll of amnesia {unknown}
 E - a scroll of poison
 G - a scroll of enchant armour {unknown}
 K - 2 scrolls of fear {unknown}
 L - a scroll of enchant weapon {unknown}
Potions
 h - a potion of resistance {unknown}
 k - 4 potions of curing
 s - 5 potions of flight {unknown}
 t - 6 potions of heal wounds {unknown}
 w - 2 potions of berserk rage {unknown}
 x - 2 potions of invisibility {unknown}
 B - a potion of lignification
 D - 4 potions of attraction {unknown}
 F - a potion of ambrosia {unknown}
 I - a potion of haste {unknown}
 J - 3 potions of brilliance {unknown}
 M - a potion of cancellation {unknown}


   Skills:
 * Level 8.5 Fighting
 + Level 1.8(5.3) Axes
 + Level 7.3(7.4) Maces & Flails
 * Level 7.0 Throwing
 * Level 0.9 Armour
 * Level 6.5 Dodging
 + Level 1.7 Stealth
 * Level 5.7 Shields
 * Level 6.3 Invocations
 * Level 4.4 Evocations


You had 10 spell levels left.
You didn't know any spells.
Your spell library contained the following spells:

 Spells                   Type           Power      Damage    Failure   Level
 Frozen Ramparts          Ice            0%         1d1       100%        3
 Ignite Poison            Fire/Tmut/Pois 0%         N/A       100%        3
 Ice Form                 Ice/Tmut       0%         N/A       100%        4
 Sticky Flame             Conj/Fire      0%         2d3       100%        4
 Eringya's Noxious Bog    Tmut/Pois      0%         N/A       100%        6
 Ignition                 Fire           0%         3d3       100%        8
 Summon Ice Beast         Ice/Summ       Unusable   N/A       N/A         4
 Summon Forest            Summ/Tloc      Unusable   N/A       N/A         5
 Summon Hydra             Summ           Unusable   N/A       N/A         7

Dungeon Overview and Level Annotations

Branches:
Dungeon (9/15)             Temple (1/1) D:4            Lair (0/5) D:8
Ossuary (visited)
    Orc: D:9-12

Altars:
Dithmenos
Fedhas
Gozag
Hepliaklqana
Okawaru
Qazlal
Trog
Uskayaw
Wu Jian
Xom
The Shining One

Shops:
D:8 *

Annotations:
D:9 Maurice


Innate Abilities, Weirdness & Mutations

You are too large for most types of armour.
You have tough skin. (AC +1)


Message History

There is a stone staircase leading down here.
Throw: 15 boomerangs
Press: ? - help, Q - select action, (/) - cycle Shift-Dir - straight line, f - orc priest
Aim: an orc priest, wielding a +0 hand axe and wearing a +0 chain mail (74% to hit)
You throw a boomerang.
The boomerang closely misses the orc priest.
Throw: 15 boomerangs
Press: ? - help, Q - select action, (/) - cycle Shift-Dir - straight line, f/p - orc priest
Aim: an orc priest, wielding a +0 hand axe and wearing a +0 chain mail (74% to hit)
You throw a boomerang. The boomerang hits the orc priest!
The orc priest is severely wounded.
The orc priest calls down the wrath of Beogh upon you.
Beogh smites you!
* * * LOW HITPOINT WARNING * * *
Throw: 15 boomerangs
Press: ? - help, Q - select action, (/) - cycle Shift-Dir - straight line, f/p - orc priest
Aim: an orc priest, wielding a +0 hand axe and wearing a +0 chain mail (severely wounded, 74% to hit)
You throw a boomerang.
The boomerang hits the orc priest but does no damage.
The orc priest is severely wounded.
The orc priest looks braver for a moment.
Throw: 15 boomerangs
Press: ? - help, Q - select action, (/) - cycle Shift-Dir - straight line, f/p - orc priest
Aim: an orc priest, wielding a +0 hand axe and wearing a +0 chain mail (severely wounded, 74% to hit)
You throw a boomerang.
The boomerang closely misses the orc priest.
The orc priest invokes the aid of Beogh against you.
Pain shoots through your body!
* * * LOW HITPOINT WARNING * * *
You whack the orc!
You kill the orc!
Okawaru accepts your kill.
You hit the orc priest but do no damage.
The orc priest is severely wounded.
You block the orc priest's attack.
You closely miss the orc priest.
The orc priest is severely wounded.
The orc priest mumbles some strange prayers to Beogh against you.
Beogh smites you!
You die...

... ..# #.#
##.# ...##..#
##.#...#
..(.(.# .#.
##...#
..##....#
##.#..##o# .
##....# #@#
...#.....# #.#
........# #.#
.##.##...###.#
...........).#
#####...#####
##.#...#
##.#)...#
#.###...#


You could see an orc priest.

Vanquished Creatures
  A two-headed ogre (D:7)
  2 polar bears (D:8)
  A hornet (D:9)
  2 shadows (D:9)
  A vampire (D:9)
  Sigmund (D:4)
  A wyvern (D:8)
  A yak (D:8)
  3 basilisks (D:8)
  A steam dragon (D:8)
  Duvessa (D:6)
  6 water moccasins
  An ice beast (D:8)
  An orc warrior (D:9)
  A sky beast (D:7)
  5 black bears
  3 wolves (D:8)
  4 centaurs
  2 ogres
  An elf zombie (Ossuary)
  2 kobold brigands
  A bullfrog (D:8)
  A gnoll sergeant (D:8)
  3 scorpions
  8 killer bees
  15 wights
  Dowan (D:6)
  4 howler monkeys
  A vampire bat (D:7)
  An electric eel (D:8)
  6 hounds
  A wyvern simulacrum (D:8)
  A centaur zombie (Ossuary)
  3 orc priests (D:6)
  3 human zombies (Ossuary)
  A jelly (D:5)
  6 iguanas
  9 orc wizards
  4 ogre zombies (Ossuary)
  A centaur simulacrum (D:8)
  7 mummies (Ossuary)
  8 gnolls
  9 adders
  A shadow imp (D:8)
  A white imp (D:7)
  2 ufetubi
  A worm zombie (D:7)
  2 adder zombies (Ossuary)
  3 worms
  24 orcs
  12 bats
  9 endoplasms
  A giant cockroach (D:1)
  12 goblins
  7 hobgoblins
  11 jackals
  15 kobolds
  3 quokkas (D:4)
  6 ball pythons
  3 frilled lizards
  4 goblin zombies (Ossuary)
  6 hobgoblin zombies
  3 kobold zombies
  4 quokka zombies (Ossuary)
  4 rats
  4 rat zombies (Ossuary)
273 creatures vanquished.

Notes
Turn   | Place    | Note
-------+----------+-------------------------------------------
     0 | D:1      | Kazon the Ogre Gladiator began the quest for the Orb.
     0 | D:1      | Reached XP level 1. HP: 22/22 MP: 1/1
    45 | D:1      | Identified a scroll of acquirement
    45 | D:1      | Acquired a +3 demon whip of venom
    60 | D:1      | Reached XP level 2. HP: 27/29 MP: 2/2
   334 | D:1      | Reached XP level 3. HP: 36/36 MP: 3/3
   909 | D:2      | Reached skill level 3 in Fighting
   909 | D:2      | Reached XP level 4. HP: 35/45 MP: 4/4
  1611 | D:3      | Found a blossoming altar of Fedhas.
  1633 | D:3      | Reached skill level 1 in Shields
  1633 | D:3      | Reached XP level 5. HP: 51/53 MP: 5/5
  1696 | D:3      | You fall into a shaft and drop 2 floors!
  1696 | D:5      | Entered Level 5 of the Dungeon
  1784 | D:4      | Found a staircase to the Ecumenical Temple.
  1793 | Temple   | Entered the Ecumenical Temple
  1807 | Temple   | Became a worshipper of Warmaster Okawaru
  1884 | D:3      | Found a faded altar of an unknown god.
  1905 | D:3      | Identified the +2 sling "Qeuhanocyt" {speed, rElec Str-3
                  | Dex+2}
  2062 | D:3      | Found a stormy altar of Qazlal.
  2417 | D:4      | Noticed Sigmund
  2421 | D:4      | Killed Sigmund
  2421 | D:4      | Reached * piety under Okawaru
  2422 | D:4      | Reached skill level 4 in Fighting
  2422 | D:4      | Reached skill level 1 in Invocations
  2422 | D:4      | Reached XP level 6. HP: 35/63 MP: 7/7
  2527 | D:4      | Noticed a black bear
  2539 | D:4      | Killed a black bear
  2540 | D:4      | Reached XP level 7. HP: 68/71 MP: 8/8
  2547 | D:4      | Found a hazy altar of Hepliaklqana.
  2548 | D:4      | Found a shadowy altar of Dithmenos.
  2548 | D:4      | Noticed a shadow
  2913 | D:5      | Reached skill level 5 in Fighting
  3061 | D:5      | Reached skill level 1 in Evocations
  3075 | D:5      | Reached XP level 8. HP: 34/80 MP: 6/9
  3077 | D:5      | Reached ** piety under Okawaru
  3236 | D:6      | Noticed Dowan
  3241 | D:6      | Noticed Duvessa
  3249 | D:6      | Killed Dowan
  3265 | D:6      | Killed Duvessa
  3266 | D:6      | Reached skill level 5 in Maces & Flails
  3695 | D:6      | Reached skill level 6 in Fighting
  3741 | D:6      | Found a shimmering altar of Xom.
  3805 | D:6      | Reached skill level 5 in Dodging
  3847 | D:7      | Reached XP level 9. HP: 46/89 MP: 11/11
  3898 | D:7      | Found a sand-covered staircase.
  3910 | Ossuary  | Entered an ossuary
  4100 | Ossuary  | Reached skill level 5 in Throwing
  4131 | Ossuary  | Reached *** piety under Okawaru
  4192 | Ossuary  | Reached skill level 1 in Axes
  4243 | Ossuary  | Reached skill level 1 in Stealth
  4474 | D:7      | Received a gift from Okawaru
  4610 | D:7      | Noticed a two-headed ogre
  4724 | D:7      | Killed a two-headed ogre
  4725 | D:7      | Reached skill level 7 in Fighting
  4845 | D:7      | Reached XP level 10. HP: 71/101 MP: 13/13
  4851 | D:7      | Reached **** piety under Okawaru
  5408 | D:8      | Reached skill level 5 in Invocations
  5414 | D:8      | Reached skill level 5 in Shields
  5430 | D:8      | Found a staircase to the Lair.
  5454 | D:8      | Reached skill level 8 in Fighting
  5582 | D:8      | Found Izo Qiri's Assorted Antiques.
  5591 | D:8      | Bought a sedimented brown potion for 26 gold pieces
  5591 | D:8      | Bought a curved iron wand for 116 gold pieces
  5961 | D:8      | Reached XP level 11. HP: 111/111 MP: 15/15
  6633 | D:9      | Noticed Maurice
  6803 | D:9      | Received a gift from Okawaru
  7065 | D:9      | Killed from afar by an orc priest

Illustrated notes

Levels and vault maps discovered:
D:1:      ebering_trefoil_3fold, layout_basic, st_stairs_14, serial_bayou_ford_a
D:2:      layout_basic, hangedman_decor_growths, minmay_close_crescents
D:3:      layout_rooms, mainiacjoe_overflow_concentric_impassable,
          mainiacjoe_overflow_paths, shapermc_ecumenical_altar_acropolis,
          chequers_serial_rivers_micro_b
D:4:      layout_basic, riverfiend_overflow_shadow_ancestor,
          minmay_temple_entry_glass, uniq_sigmund
D:5:      layout_gridville
D:6:      layout_basic, xom_teletrap_fun, uniq_duvessa
D:7:      layout_loops_ring, enter_ossuary_3, roderic_batcave
D:8:      layout_layer_cave, minmay_lair_entry_grove, serial_shops,
          nicolae_lakefront_shop, serial_ice, serial_ice_o, serial_ice_d,
          serial_ice_k, serial_ice_a
D:9:      layout_loops_ring, nicolae_wwwww, uniq_maurice
Temple:   nicolae_temple_elliptical

Skill      XL: |  1  2  3  4  5  6  7  8  9 10 11 |
---------------+----------------------------------+-----
Dodging        | 3 4 5 6 |  6.5
Maces & Flails | 3 4 5 6 7 |  7.3
Fighting       | 3 4 5 6 7 8 |  8.5
Shields        | 1 2 3 4 5 |  5.7
Invocations    | 1 2 3 4 5 6 |  6.3
Throwing       | 3 4 5 6 7 |  7.0
Evocations     | 1 3 4 |  4.4
Axes           | 1 |  1.8
Stealth        | 1 |  1.7
Armour         | |  0.9

Action                     |  1- 3 |  4- 6 |  7- 9 | 10-12 || total
---------------------------+-------+-------+-------+-------++-------
  Melee: Flail             |    19 |       |       |       ||    19
         Demon whip        |    78 |    96 |   228 |   287 ||   689
         Punch             |     2 |       |     7 |     2 ||    11
         Hand axe          |       |       |   150 |       ||   150
  Throw: Stone             |       |    22 |     8 |    24 ||    54
         Boomerang         |       |       |    53 |     4 ||    57
         Dart              |       |       |    29 |    17 ||    46
         Large rock        |       |       |     2 |     9 ||    11
         Throwing net      |       |       |     1 |       ||     1
 Invoke: Heroism           |       |       |     4 |     4 ||     8
         Finesse           |       |       |       |     1 ||     1
  Evoke: Wand              |       |       |       |     1 ||     1
    Use: Scroll            |     2 |     1 |     1 |     4 ||     8
         Potion            |     1 |       |     1 |     1 ||     3
   Stab: Sleeping          |       |     1 |    11 |     3 ||    15
         Distracted        |       |       |     1 |       ||     1
         Paralysed         |       |       |       |     2 ||     2
 Armour: Robe              |    27 |    18 |    67 |    14 ||   126
         Steam dragon scal |       |       |       |    39 ||    39
  Dodge: Dodged            |    38 |    25 |   178 |    67 ||   308
  Block: Tower shield      |       |       |       |   176 ||   176
